 Dungeon Sprint DCSS version 0.30.0-19-g36f170ea60 (webtiles) character file.

Game seed: 16081433294063755856

0 Groucho the Grasshopper (level 1, 0/9 HPs)
             Began as a Felid Warper on May 27, 2023.
             Was a Believer of Uskayaw.
             Slain by Jessica
             ... wielding a +0 club
              (7 damage)
             ... in the Dungeon (Sprint VI: "Thunderdome").
             The game lasted 00:01:48 (95 turns).

Groucho the Grasshopper (Felid Warper)                Turns: 95, Time: 00:01:48

Health: 0/9        AC:  1    Str:  7    XL:     1   Next: 50%
Magic:  4/4        EV: 18    Int: 14    God:    Uskayaw [**....]
Gold:   200        SH:  0    Dex: 15    Spells: 4/4 levels left
                                        Lives:  0   Deaths: 0

rFire   . .          .
                       - Unarmed
rCold   . . .        (shield unavailable)
rNeg    . . .        (body armour unavailable)
rPois   .            (helmet unavailable)
rElec   .            (cloak unavailable)
rCorr   .            (gloves unavailable)
SInv    +            (boots unavailable)
Will    .....        (no amulet)
Stlth   +            (no ring)
HPRegen 0.21/turn    (no ring)
MPRegen 0.09/turn

%: no teleportation
@: quick
A: very small, claws 1, fangs 3, see invisible, speed 1, shaggy fur 1, stealthy
paws, no weapons or thrown items, no armour, multi-lived
a: Renounce Religion, Stomp, Line Pass


You were in the Dungeon.
You worshipped Uskayaw.
Uskayaw was noncommittal.
You visited 1 branch You collected 200 gold pieces.

Inventory:

Wands
 g - a wand of light (5)
 h - a wand of roots (5)
Scrolls
 a - 5 scrolls of blinking
 i - 3 scrolls of fog
Potions
 b - a potion of curing
 c - 3 potions of heal wounds
 d - 4 potions of haste
 e - 2 potions of magic
 f - a potion of berserk rage
 j - a potion of resistance


   Skills:
 + Level 2.2 Fighting
 + Level 3.6 Dodging
 + Level 2.3 Unarmed Combat
 + Level 2.2 Spellcasting
 + Level 5.0 Translocations
 + Level 0.7 Invocations


You had 4 spell levels left.
You didn't know any spells.
Your spell library contained the following spells:

 Spells                   Type           Power      Damage    Failure   Level
 Blink                    Tloc           30%        N/A       4%          2
 Lesser Beckoning         Tloc           30%        N/A       4%          2
 Teleport Other           Tloc           15%        N/A       9%          3
 Vhi's Electric Charge    Tloc/Air       16%        N/A       26%         3
 Manifold Assault         Tloc           15%        N/A       30%         4


Dungeon Overview and Level Annotations

Branches:
Dungeon (1/1)

Altars:
Cheibriados
Dithmenos
Fedhas
Gozag
Kikubaaqudgha
Makhleb
Okawaru
Qazlal
Ru
Sif Muna
Trog
Uskayaw
Vehumet
Wu Jian
Xom
Yredelemnul
Zin
The Shining One
Lugonu

Shops:
D *[??*?*:[((!!!!

Annotations:
D Jessica


Innate Abilities, Weirdness & Mutations

You have sharp claws.
You have razor-sharp teeth.
You have supernaturally acute eyesight. (SInv)
You cover ground quickly. (Speed+)
You are covered in fur. (AC +1)
Your paws help you pounce on unaware monsters.
You are incapable of wielding weapons or throwing items.
You cannot wear armour.
You gain extra lives every three experience levels.


Message History

You feel much better.
You scratch the worm. You bite the worm.
The worm is almost dead.
You can now pass through a line of other dancers.
You scratch the worm.
You kill the worm!
Your Translocations skill increases to level 5!
Unknown command.
Unknown command.
Unknown command.
Jessica the Apprentice Sorceress comes into view.
She is wielding a +0 club.
Jessica shouts!
Jessica mumbles something strange.
You can no longer pass through a line of other dancers.
You scratch Jessica. You bite Jessica.
Jessica is heavily wounded.
Jessica barely misses you.
You can now pass through a line of other dancers.
You scratch Jessica.
Jessica is almost dead.
Jessica barely misses you.
You barely miss Jessica.
Jessica is almost dead.
Jessica casts a spell at you.
You barely resist. You closely miss Jessica.
Jessica is almost dead.
Jessica closely misses you.
You scratch Jessica but do no damage.
Jessica is almost dead.
Jessica gestures wildly while chanting.
Jessica blinks!
You closely miss Jessica.
Jessica is almost dead.
Jessica hits you with a +0 club.
You closely miss Jessica.
Jessica is almost dead.
Jessica hits you with a +0 club!
Ouch! That really hurt!
You die...

##⌠⌠⌠## #.....# ##.....##
##∩.....∩## #∩.......∩#
#_......._# #_......@_#
#_.....@._# ###......§..###
#⌠...........⌠#
######.8.........8.######
##.___......###......._.∩##
##∩........8.# #.8........∩#
.........†...###............
..........###...###.........
..........# #.<.# #.........


You could see Jessica.

Vanquished Creatures
  A worm (D)
  A bat (D)
2 creatures vanquished.

Notes
Turn   | Place    | Note
-------+----------+-------------------------------------------
     0 | D        | Groucho the Felid Warper began the quest for the Orb.
     0 | D        | Reached XP level 1. HP: 9/9 MP: 4/4
     1 | D        | Found an ornate altar of the Wu Jian Council.
     2 | D        | Found a blossoming altar of Fedhas.
     2 | D        | Found a basalt altar of Yredelemnul.
     3 | D        | Found a snail-covered altar of Cheibriados.
     3 | D        | Found a corrupted altar of Lugonu.
     4 | D        | Found Piugragg's Identification Station.
     4 | D        | Found a sacrificial altar of Ru.
     4 | D        | Found a shimmering altar of Xom.
     5 | D        | Found Xinwih's Advanced Armour.
     5 | D        | Found Nucrollo's Jewellery.
     7 | D        | Round 1.
    18 | D        | Found a glowing golden altar of the Shining One.
    18 | D        | Found a radiant altar of Vehumet.
    19 | D        | Found Dumiafoh's Magic Scroll Shop.
    24 | D        | Found Adean's Magic Scroll Shop.
    24 | D        | Found Pothrueha's Must-Have Magic.
    26 | D        | Found a hide-covered altar of Uskayaw.
    26 | D        | Found a shimmering blue altar of Sif Muna.
    26 | D        | Found a glowing silver altar of Zin.
    26 | D        | Found Alere's Staff Store.
    31 | D        | Found a shadowy altar of Dithmenos.
    35 | D        | Became a worshipper of Uskayaw the Reveller
    38 | D        | Found Ziqu's Distillery.
    39 | D        | Found Sipsa Hem's Distillery.
    39 | D        | Found Kuorgh's Bottled Wisdom.
    40 | D        | Found a bloodstained altar of Trog.
    40 | D        | Found an ancient bone altar of Kikubaaqudgha.
    40 | D        | Found a burning altar of Makhleb.
    40 | D        | Found Wuxkah's Do-It-Yourself Clinic.
    44 | D        | Found a stormy altar of Qazlal.
    45 | D        | Found an iron altar of Okawaru.
    47 | D        | Found Ceanoal's Weapon Rack.
    48 | D        | Found an opulent altar of Gozag.
    48 | D        | Found Vaiw's Premium Goods.
    48 | D        | Found Beaf's Basic Armour.
    48 | D        | Found Moefipauj's Miscellaneous Merchandise.
    73 | D        | Reached * piety under Uskayaw
    78 | D        | Reached ** piety under Uskayaw
    80 | D        | Reached skill level 5 in Translocations
    84 | D        | Noticed Jessica
    95 | D        | Slain by Jessica

Illustrated notes

Levels and vault maps discovered:
D:        arena_sprint

Skill      XL: |  1 |
---------------+----+-----
Translocations | 5 |  5.0
Fighting       | |  2.2
Dodging        | |  3.6
Unarmed Combat | |  2.3
Spellcasting   | |  2.2
Invocations    | |  0.7

Action                     || total
---------------------------++-------
  Melee: Unarmed           ||    16
         Bite              ||     4
         Punch             ||     1
    Use: Potion            ||     1
 Armour: Skin              ||     1
  Dodge: Dodged            ||     7
